 Dungeon Crawl Stone Soup version 0.29-a0-82-g837932c90e (webtiles) character file.

Game seed: 4120400274721720881

3648 enile the Fighter (level 9, -4/66 HPs)
             Began as a Demonspawn Wanderer on Feb 4, 2022.
             Was an Elder of Hepliaklqana.
             Killed by miscasting Mephitic Cloud (6 damage)
             ... on level 8 of the Dungeon.
             The game lasted 00:20:01 (9096 turns).

enile the Fighter (Demonspawn Wanderer)             Turns: 9096, Time: 00:20:01

Health: -4/66      AC:  7    Str: 16    XL:     9   Next: 88%
Magic:  11/14      EV: 12    Int: 14    God:    Hepliaklqana [****..]
Gold:   196        SH:  0    Dex: 11    Spells: 7/10 levels left

rFire   . . .      SeeInvis .   b - +0 quarterstaff (vorpal)
rCold   . . .      Faith    .   (shield currently unavailable)
rNeg    . . .      Spirit   .   z - +0 steam dragon scales
rPois   .          Reflect  .   (no helmet)
rElec   .          Harm     .   (no cloak)
rCorr   .          Rampage  .   (no gloves)
Will    .....      Rage     1%  c - +0 pair of boots
Stlth   ++........              (no amulet)
HPRegen 0.21/turn               (no ring)
MPRegen 0.14/turn               (no ring)

@: very slightly contaminated
A: reduced essence, hooves 1, demonic guardian 1, powered by death 1, weakness
stinger 1, berserk 1, clumsy 1
a: Renounce Religion, Recall Ancestor, Ancestor Identity, Transference, Idealise


You were on level 8 of the Dungeon.
You worshipped Hepliaklqana.
Hepliaklqana was greatly pleased with you.
You visited 1 branch of the dungeon, and saw 8 of its levels.

You collected 412 gold pieces.
You spent 216 gold pieces at shops.

Inventory:

Hand Weapons
 a - a +2 spear
 b - a +0 vorpal quarterstaff (weapon)
 n - a +4 scythe
 q - a +2 dagger of draining
 r - a +1 vampiric short sword
Missiles
 f - 313 stones
 l - 5 poisoned darts
Armour
 c - a +0 pair of boots (worn)
 d - a +0 robe
 m - a +0 ring mail
 z - +0 steam dragon scales (worn)
 C - a +2 robe of fire resistance
Jewellery
 o - a ring of wizardry
Wands
 u - a wand of acid (4)
 v - a wand of paralysis (23) (quivered)
Scrolls
 e - 4 scrolls of teleportation
 h - a scroll of brand weapon
 j - 2 scrolls of holy word
 p - a scroll of magic mapping
 w - 3 scrolls of blinking
 y - a scroll of silence
 A - a scroll of noise
 B - a scroll of fog
 D - a scroll of fear
Potions
 g - a potion of ambrosia
 i - 2 potions of lignification {unknown}
 k - a potion of might
 x - a potion of berserk rage


   Skills:
 - Level 8.0 Fighting
 - Level 2.6(3.5) Polearms
 - Level 3.5(4.0) Staves
 + Level 2.3 Throwing
 - Level 5.0 Armour
 - Level 3.0 Dodging
 - Level 4.0 Stealth
 - Level 1.0 Spellcasting
 - Level 1.0 Air Magic
 - Level 2.0 Poison Magic
 - Level 7.0 Invocations
 - Level 5.0 Evocations


You had 7 spell levels left.
You knew the following spells:

 Your Spells              Type           Power      Damage    Failure   Level
a - Mephitic Cloud        Conj/Pois/Air  3%         N/A       45%         3

Your spell library contained the following spells:

 Spells                   Type           Power      Damage    Failure   Level
 Magic Dart               Conj           0%         1d3       26%         1
 Searing Ray              Conj           0%         2d4       36%         2
 Ignite Poison            Fire/Tmut/Pois 2%         N/A       52%         3
 Fulminant Prism          Conj/Hex       0%         3d6       95%         4
 Freezing Cloud           Conj/Ice/Air   0%         6-21      100%        5


Dungeon Overview and Level Annotations

Branches:
Dungeon (8/15)             Temple (0/1) D:7
   Lair: D:8-11

Altars:
Elyvilon
Hepliaklqana
Kikubaaqudgha
Ru
Trog
Zin

Shops:
D:1 =   D:3 [   D:4 [   D:8 ?

Annotations:
D:8 Grum


Innate Abilities, Weirdness & Mutations

Your life essence is reduced to manifest your ancestor. (-10% HP)
You have large cloven feet.
A weak demonic guardian rushes to your aid.
You regenerate a little health from kills.
You have a small tail.
You tend to lose your temper in combat.
You are clumsy. (Dex -2)


Message History

Grum is heavily wounded.
Grum hits you with a +0 halberd!
You hit Grum but do no damage.
Your tail-slap misses Grum.
Grum is heavily wounded.
Grum hits you with a +0 halberd!!
* * * LOW HITPOINT WARNING * * *
You hear a howl!
Aiming: Paralyse
Press: ? - help, Q - select action, (/) - cycle Shift-Dir - straight line, f - Grum
Aim: Grum, wielding a +0 halberd and wearing a +0 animal skin (heavily wounded, ally target, chance to affect: 70%) Grum suddenly stops moving!
The helpless Grum fails to defend himself.
You hit Grum.
Grum is heavily wounded.
A wolf comes into view.
You swap places.
A wolf comes into view.
Your shadow imp hits Grum but does no damage.
You swap places.
Your shadow imp hits Grum.
Your shadow imp hits Grum but does no damage.
What are your orders? t - Shout!
Orders for allies: a - Attack new target. p - Attack previous target. r - Retreat! s - Stop attacking. g - Guard the area. f - Follow me.
Anything else - Cancel.
Gang up on whom?
Press: ? - help, Dir - move target, f/p - Grum
Aim: Grum, wielding a +0 halberd and wearing a +0 animal skin (heavily wounded, paralysed, ally target) Attack!
Your shadow imp hits Grum but does no damage.
Casting: Mephitic Cloud (dangerous; 45% risk of failure)
Confirm with . or Enter, or press ? or * to list all spells.
Aiming: Mephitic Cloud (dangerous; 45% risk of failure)
Press: ? - help, Shift-Dir - straight line, f/p - Grum
Aim: Grum, wielding a +0 halberd and wearing a +0 animal skin (heavily wounded, paralysed, ally target, chance to affect: 81%)
You miscast Mephitic Cloud.
You are very lightly contaminated with residual magic.
Sparks of electricity dance around you.
You die...

#........#
#.########
#.# #.#
#.# #.#
#.#
#.########
#......@.#
########.#
#R# #5#
#g# #h#
..# ###


You could see the friendly The killer the hexer, Grum (paralysed, ally target),
a wolf and a friendly shadow imp (summoned).

Vanquished Creatures
  Pikel (D:8)
  Maggie (D:8)
  2 wyverns
  2 steam dragons
  A water moccasin (D:7)
  An ice beast (D:8)
  A sky beast (D:6)
  An ogre (D:6)
  A necrophage (D:7)
  3 centaurs
  A lemure (D:8)
  A phantom (D:4)
  2 bullfrogs
  A killer bee (D:8)
  2 water moccasin skeletons
  A jelly (D:8)
  A gnoll shaman (D:7)
  A hound (D:5)
  An orc priest (D:7)
  3 iguanas
  2 orc wizards (D:7)
  A howler monkey zombie (D:6)
  3 adders
  7 gnolls
  A shadow imp (D:6)
  A white imp (D:7)
  An ufetubus (D:6)
  An adder skeleton (D:4)
  A worm (D:4)
  21 orcs
  8 ball pythons
  4 bats
  10 endoplasms
  5 giant cockroaches
  12 goblins
  5 hobgoblins
  2 quokkas (D:2)
  3 frilled lizards
  5 kobolds
  2 rats (D:1)
123 creatures vanquished.

Vanquished Creatures (collateral kills)
  A water moccasin (D:6)
  A black bear (D:6)
  An orc warrior (D:7)
  2 ogres
  A kobold brigand (D:6)
  A phantom (D:4)
  2 killer bees (D:8)
  A jelly (D:5)
  An iguana (D:5)
  A centaur skeleton (D:6)
  2 orc wizards
  An adder (D:2)
  A white imp (D:6)
  3 orcs
  2 bats
  2 endoplasms
  2 kobolds
  4 goblins
29 creatures vanquished.

Vanquished Creatures (others)
  A hexer (D:4)
  4 orcs (D:6)
5 creatures vanquished.

Grand Total: 157 creatures vanquished

Notes
Turn   | Place    | Note
-------+----------+-------------------------------------------
     0 | D:1      | enile the Demonspawn Wanderer began the quest for the Orb.
     0 | D:1      | enile set off with the following items: a +2 spear, a +0
                  | quarterstaff, a +0 pair of boots, a +0 robe
     0 | D:1      | Reached XP level 1. HP: 15/15 MP: 1/1
   430 | D:1      | Gained mutation: You regenerate a little health from kills.
                  | [demonic ancestry]
   430 | D:1      | Reached XP level 2. HP: 17/22 MP: 2/2
   551 | D:1      | Reached skill level 2 in Fighting
   620 | D:1      | Found Jiteg's Jewellery Shop.
   865 | D:1      | Found a faded altar of an unknown god.
   880 | D:1      | Prayed at the altar of an unknown god.
   880 | D:1      | Became a worshipper of Hepliaklqana the Forgotten
   880 | D:1      | Reached * piety under Hepliaklqana
  1226 | D:1      | Reached XP level 3. HP: 25/25 MP: 3/3
  1495 | D:2      | Reached skill level 3 in Fighting
  2223 | D:3      | Gained mutation: A weak demonic guardian rushes to your
                  | aid. [demonic ancestry]
  2223 | D:3      | Reached XP level 4. HP: 31/31 MP: 4/4
  2233 | D:3      | Reached ** piety under Hepliaklqana
  2239 | D:3      | Remembered your ancestor The killer as a hexer
  2366 | D:3      | Found Peebaisch's Antique Armour Emporium.
  2937 | D:3      | Found an ancient bone altar of Kikubaaqudgha.
  2974 | D:3      | Noticed an ogre
  2989 | D:3      | Killed an ogre
  2990 | D:3      | Reached XP level 5. HP: 36/36 MP: 5/5
  3046 | D:3      | Found a sacrificial altar of Ru.
  3201 | D:4      | Noticed a phantom
  3214 | D:4      | Killed a phantom
  3215 | D:4      | Reached skill level 4 in Fighting
  3215 | D:4      | Reached skill level 1 in Stealth
  3220 | D:4      | Reached XP level 6. HP: 10/43 MP: 6/6
  3760 | D:4      | Discovered your monstrous ancestry.
  3760 | D:4      | Gained mutation: You have large cloven feet. [demonic
                  | ancestry]
  3760 | D:4      | Reached XP level 7. HP: 18/48 MP: 7/7
  3966 | D:4      | Found Hotwabou's Armour Boutique.
  4339 | D:5      | Entered Level 5 of the Dungeon
  4645 | D:5      | Reached *** piety under Hepliaklqana
  4852 | D:5      | Reached skill level 5 in Fighting
  5234 | D:6      | Reached skill level 5 in Invocations
  5249 | D:6      | Found a bloodstained altar of Trog.
  5387 | D:6      | Gained mutation: You have a small tail. [demonic ancestry]
  5387 | D:6      | Reached XP level 8. HP: 57/57 MP: 11/11
  5421 | D:6      | Reached skill level 6 in Fighting
  5421 | D:6      | Reached skill level 1 in Evocations
  5632 | D:6      | Reached skill level 5 in Armour
  6302 | D:7      | Reached skill level 7 in Fighting
  6314 | D:7      | Learned a level 3 spell: Mephitic Cloud
  6581 | D:7      | Found a staircase to the Ecumenical Temple.
  6601 | D:7      | Reached XP level 9. HP: 58/64 MP: 13/13
  6643 | D:7      | Reached **** piety under Hepliaklqana
  6695 | D:7      | Reached skill level 1 in Poison Magic
  7857 | D:8      | Noticed Maggie
  7873 | D:8      | Killed Maggie
  8150 | D:8      | Reached skill level 5 in Evocations
  8592 | D:8      | Noticed Pikel
  8953 | D:8      | Killed Pikel
  8954 | D:8      | Reached skill level 8 in Fighting
  8954 | D:8      | Reached skill level 1 in Air Magic
  8954 | D:8      | Reached skill level 1 in Spellcasting
  9036 | D:8      | Found Foil's Magic Scroll Shoppe.
  9041 | D:8      | Bought a scroll of teleportation for 36 gold pieces
  9041 | D:8      | Bought a scroll of fog for 24 gold pieces
  9041 | D:8      | Bought a scroll of blinking for 90 gold pieces
  9046 | D:8      | Bought a scroll of identify for 24 gold pieces
  9046 | D:8      | Bought a scroll of fear for 42 gold pieces
  9082 | D:8      | Noticed Grum
  9083 | D:8      | Gained mutation: You are clumsy. (Dex -2) [potion of
                  | mutation]
  9083 | D:8      | Gained mutation: You tend to lose your temper in combat.
                  | [potion of mutation]
  9089 | D:8      | HP: 1/66 [Grum (25)]
  9096 | D:8      | Killed by miscasting Mephitic Cloud

Illustrated notes

Levels and vault maps discovered:
D:1:      lemuel_arrival_broad_hall, layout_loops_corners, serial_shops, shop,
          shapermc_ecumenical_altar_starsandcircs, st_stairs_7
D:2:      layout_rooms, minmay_tromino_mix6
D:3:      layout_loops_corners, mainiacjoe_overflow_alcove_2,
          nicolae_kikubaaqudgha_miasma_corner, serial_shops, shop,
          minmay_ogre_servants
D:4:      layout_basic, nicolae_overflow_hidden_temple, serial_shops,
          nicolae_shop_statue_plus, interstate_on_off, sigmund_army
D:5:      layout_rooms, nicolae_overflow_crystal_walls, bh_walls_and_bars
D:6:      layout_gridville, trog_three_pillars_becter
D:7:      layout_loops_corners, temple_doors_e, kennysheep_donut
D:8:      nicolae_cairo_tiling_large, layout_loops_ring, serial_shops,
          kennysheep_little_box, dk_noncrumbling_3, uniq_psyche, uniq_pikel,
          uniq_maggie, uniq_grum

Skill      XL: |  1  2  3  4  5  6  7  8  9 |
---------------+----------------------------+-----
Fighting       | 2 3 4 5 7 8 |  8.0
Throwing       | 2 |  2.3
Armour         | 3 4 5 |  5.0
Stealth        | 2 3 4 |  4.0
Dodging        | 3 |  3.0
Polearms       | 2 |  2.6
Invocations    | 5 6 7 |  7.0
Evocations     | 3 5 |  5.0
Poison Magic   | 2 |  2.0
Staves         | 3 |  3.5
Air Magic      | 1 |  1.0
Spellcasting   | 1 |  1.0

Action                   |  1- 3 |  4- 6 |  7- 9 || total
-------------------------+-------+-------+-------++-------
Melee: Quarterstaff      |   111 |    85 |   242 ||   438
       Short sword       |       |     9 |       ||     9
       Tailslap          |       |       |    25 ||    25
Throw: Stone             |     6 |       |       ||     6
       Dart              |       |       |     8 ||     8
       Throwing net      |       |       |     1 ||     1
 Cast: Mephitic Cloud    |       |       |     4 ||     4
Invok: Ancestor Identity |     1 |       |       ||     1
       Ancestor Life: He |       |     1 |       ||     1
       Recall Ancestor   |       |       |     1 ||     1
Evoke: Wand              |       |     2 |     8 ||    10
  Use: Scroll            |       |     2 |     6 ||     8
       Potion            |       |     3 |     3 ||     6
 Stab: Sleeping          |     4 |       |     4 ||     8
       Confused          |       |     1 |     4 ||     5
       Distracted        |       |       |     2 ||     2
       Paralysed         |       |       |    10 ||    10
       Held in net/web   |       |       |     1 ||     1
Armor: Robe              |    19 |       |       ||    19
       Ring mail         |    13 |    26 |    36 ||    75
       Steam dragon scal |       |       |    40 ||    40
Dodge: Dodged            |    83 |    57 |   124 ||   264

Table legend: (Time is in decaauts)
 A = Elapsed time spent in this place.
 B = Non-inter-level travel time spent in this place.
 C = Inter-level travel time spent in this place.
 D = Time resting spent in this place.
 E = Time spent auto-exploring this place.
 F = Levels seen in this place.
 G = Mean time per level.
                   A        B        C        D        E       F      G
               +--------+--------+--------+--------+--------+-----+--------+
         Total |   9167 |   8867 |    300 |    405 |   7240 |   8 | 1145.9 |
       Dungeon |   9167 |   8867 |    300 |    405 |   7240 |   8 | 1145.9 |
               +--------+--------+--------+--------+--------+-----+--------+

Top non-repeatable levels by time:
     D:7: 1710 daAuts
     D:1: 1339 daAuts
     D:4: 1268 daAuts
     D:8: 1261 daAuts
     D:3: 1051 daAuts
     D:6: 969 daAuts
     D:5: 851 daAuts
     D:2: 716 daAuts
